 Dungeon Crawl Stone Soup version 0.19.5 (webtiles) character file.

91 Jumperg the Shooter (level 4, -1/37 HPs)
             Began as a Centaur Hunter on May 26, 2017.
             Slain by a hound (2 damage)
             ... on level 3 of the Dungeon.
             The game lasted 00:24:01 (2818 turns).

Jumperg the Shooter (Centaur Hunter)                Turns: 2818, Time: 00:24:01

Health: -1/37      AC:  4    Str: 14    XL:     4   Next: 34%
Magic:  4/4        EV: 10    Int: 10    God:
Gold:   51         SH:  0    Dex: 11    Spells: 0 memorised, 3 levels left

rFire  + . .     SeeInvis .     j - -1 dagger (curse)
rCold  x . .     Gourm    .     c - +0 leather armour
rNeg   . . .     Faith    .     (no shield)
rPois  +         Spirit   .     (no helmet)
rElec  .         Reflect  .     (no cloak)
rCorr  .         Harm     .     (no gloves)
MR     .....                    (no barding)
Stlth  +.........               (no amulet)
                                m - ring of poison resistance
                                l - ring of fire

@: very quick
A: hooves 3, deformed body, speed 2, tough skin 3
a: no special abilities


You were on level 3 of the Dungeon.
You were not hungry.

You visited 1 branch of the dungeon, and saw 3 of its levels.

You collected 51 gold pieces.

Inventory:

Hand Weapons
 a - a +1 shortbow
 b - a +0 short sword
 j - a cursed -1 dagger (weapon)
Missiles
 d - 15 arrows
 e - 37 stones (quivered)
 k - 16 poisoned needles
 n - a throwing net
Armour
 c - a +0 leather armour (worn)
Jewellery
 l - a ring of fire (left hand)
 m - a ring of poison resistance (right hand)
 q - a cursed ring of loudness {unknown}
Scrolls
 h - 2 scrolls of teleportation
 i - a scroll of magic mapping
Potions
 o - a potion of ambrosia {unknown}
 r - 2 potions of magic
Comestibles
 f - 2 bread rations
 g - a beef jerky
 s - 5 chunks of flesh


   Skills:
 + Level 2.8 Fighting
 - Level 5.9 Bows
 + Level 1.4 Throwing
 + Level 2.4 Dodging
 - Level 0.4 Stealth


You had 3 spell levels left.
You didn't know any spells.

Dungeon Overview and Level Annotations

Branches:
Dungeon (3/15)

Altars:


Innate Abilities, Weirdness & Mutations

You have hooves in place of feet.
Armour fits poorly on your strangely shaped body.
You cover ground very quickly.
You have extremely tough skin. (AC +3)


Message History

The hound bites you.
* * * LOW HITPOINT WARNING * * *
The hound bites you but does no damage.
You hit the hound but do no damage. Your kick misses the hound.
The hound is almost dead.
The hound closely misses you.
You hit the hound but do no damage. Your kick misses the hound.
The hound is almost dead.
The hound bites you.
* * * LOW HITPOINT WARNING * * *
The hound closely misses you.
You barely miss the hound. Your kick misses the hound.
The hound is almost dead.
The hound bites you but does no damage.
You hit the hound but do no damage. Your kick misses the hound.
The hound is almost dead.
The hound bites you.
* * * LOW HITPOINT WARNING * * *
The hound bites you.
You die...

.... .#.. #!###...# .#.#
.##.....S.## .#.# #.#
.........( .#.# #.# #
#....#..# .#.# #.#
#.##....#..# .#.# #.#
#.......#.(#
.#.####.####....##.#..###.#
................@hS)(.((..(
.#.###..#######.##.##.###.#
.#.......)......##.## ..
.#.###..#.#.##..##..# ##
.#.# #..#.#.##..##..#####
.#.# #..#.#.##............
.#.# #.##.#.##..##..##.##.
.#.# #......##..##..# # #.#
#.##.#.##..##..#


You could see a hound and an adder.

Vanquished Creatures
  3 adders
  2 dart slugs
  2 leopard geckos
  3 orcs (D:3)
  2 giant cockroaches (D:2)
  10 goblins
  4 hobgoblins
  4 jackals
  7 kobolds
  A ball python (D:1)
  6 bats
  4 frilled lizards
  2 rats (D:2)
50 creatures vanquished.

Notes
Turn   | Place    | Note
-------+----------+-------------------------------------------
     0 | D:1      | Jumperg the Centaur Hunter began the quest for the Orb.
     0 | D:1      | Reached XP level 1. HP: 17/17 MP: 1/1
   144 | D:1      | Reached XP level 2. HP: 20/24 MP: 2/2
   757 | D:2      | Reached XP level 3. HP: 26/30 MP: 3/3
  2079 | D:3      | Reached XP level 4. HP: 11/37 MP: 4/4
  2427 | D:3      | Reached skill level 1 in Throwing
  2818 | D:3      | HP: 1/37 [hound (1)]
  2818 | D:3      | Slain by a hound

Skill      XL: |  1  2  3  4 |
---------------+-------------+-----
Dodging        | 2 |  2.4
Throwing       | 1 |  1.4
Fighting       | |  2.8
Bows           | |  5.9
Stealth        | |  0.4

Action                   |  1- 3 |  4- 6 || total
-------------------------+-------+-------++-------
Melee: Short sword       |    80 |       ||    80
       Kick              |    25 |    12 ||    37
       Dagger            |    88 |    57 ||   145
 Fire: Shortbow          |    37 |       ||    37
Throw: Stone             |    79 |    19 ||    98
       Tomahawk          |       |    10 ||    10
  Use: Scroll            |     3 |     1 ||     4
  Eat: Chunk             |     2 |     3 ||     5
Armor: Leather armour    |    62 |    14 ||    76
Dodge: Dodged            |    93 |    36 ||   129
